 Dungeon Crawl Stone Soup version 0.27-a0-1245-g940ed4fa31 (webtiles) character file.

Game seed: 2377858575081923513

774 mordus the Destroyer (level 7, 27/27 HPs)
             Began as a Felid Conjurer on June 9, 2021.
             Quit the game on level 7 of the Dungeon.
             The game lasted 00:42:25 (8218 turns).

mordus the Destroyer (Felid Conjurer)               Turns: 8218, Time: 00:42:25

Health: 27/27      AC:  2    Str:  4    XL:     7   Next: 53%
Magic:  16/16      EV: 17    Int: 21    God:
Gold:   464        SH:  0    Dex: 15    Spells: 1/17 levels left
                                        Lives:  0   Deaths: 2

rFire    . . .     SeeInvis +   (weapon unavailable)
rCold    . . .     Faith    .   (shield unavailable)
rNeg     . . .     Spirit   .   (armour unavailable)
rPois    .         Reflect  .   (helmet unavailable)
rElec    .         Harm     .   (cloak unavailable)
rCorr    .         Rampage  .   (gloves unavailable)
Will     +....                  (boots unavailable)
Stlth    ++........             e - amulet of magic regeneration
HPRegen  0.09/turn              (no ring)
MPRegen  0.40/turn              (no ring)

@: quick
A: very small, claws 1, fangs 3, see invisible, speed 1, shaggy fur 2, stealthy
paws, no weapons or thrown items, no armour, multi-lived
a: no special abilities


You were on level 7 of the Dungeon.
You visited 2 branches of the dungeon, and saw 8 of its levels.

You collected 464 gold pieces.

Inventory:

Jewellery
 e - an amulet of magic regeneration (around neck)
 h - an amulet of faith
 m - an amulet of the acrobat
Scrolls
 b - 6 scrolls of identify {unknown}
 f - a scroll of fog {unknown}
 g - a scroll of fear {unknown}
 i - 3 scrolls of acquirement {unknown}
 n - 2 scrolls of enchant armour {unknown}
 o - 3 scrolls of magic mapping
 p - 4 scrolls of teleportation {unknown}
Potions
 a - a potion of attraction {unknown}
 c - 3 potions of haste {unknown}
 d - a potion of mutation {unknown}
 j - a potion of might {unknown}
 k - a potion of invisibility
 l - 2 potions of flight {unknown}
 q - 2 potions of degeneration {unknown}


   Skills:
 - Level 2.6 Dodging
 - Level 2.6 Stealth
 + Level 5.5 Spellcasting
 * Level 8.4 Conjurations
 + Level 3.3 Hexes
 + Level 5.3 Summonings
 + Level 7.0 Translocations


You had one spell level left.
You knew the following spells:

 Your Spells              Type           Power      Damage    Failure   Level
a - Magic Dart            Conj           100%       1d8       1%          1
b - Searing Ray           Conj           82%        3d6       1%          2
c - Call Imp              Summ           28%        N/A       1%          2
d - Iskenderun's Mystic   Conj/Tloc      38%        2d9       4%          4
e - Fulminant Prism       Conj/Hex       15%        3d11      9%          4
f - Call Canine Familiar  Summ           28%        N/A       3%          3

Your spell library contained the following spells:

 Spells                   Type           Power      Damage    Failure   Level
 Apportation              Tloc           70%        N/A       1%          1
 Summon Small Mammal      Summ           100%       N/A       1%          1
 Corona                   Hex            21%        N/A       2%          1
 Animate Skeleton         Necr           10%        N/A       11%         1
 Gell's Gravitas          Tloc           17%        N/A       1%          3
 Dazzling Flash           Conj/Hex       60%        N/A       2%          3
 Summon Guardian Golem    Hex/Summ       23%        N/A       5%          3
 Confusing Touch          Hex            19%        N/A       8%          3
 Summon Ice Beast         Ice/Summ       16%        N/A       34%         4
 Summon Lightning Spire   Summ/Air       16%        N/A       34%         4
 Petrify                  Tmut/Erth      5%         N/A       71%         4
 Metabolic Englaciation   Hex/Ice        6%         N/A       82%         5
 Yara's Violent Unravell  Hex/Tmut       6%         3d5       82%         5


Dungeon Overview and Level Annotations

Branches:
Dungeon (7/15)             Temple (1/1) D:4

Altars:
Cheibriados
Dithmenos
Elyvilon
Fedhas
Gozag
Hepliaklqana
Kikubaaqudgha
Makhleb
Nemelex Xobeh
Okawaru
Qazlal
Ru
Sif Muna
Trog
Uskayaw
Vehumet
Wu Jian
Xom
Yredelemnul
Zin
The Shining One

Shops:
D:3 *


Innate Abilities, Weirdness & Mutations

You have sharp claws.
You have razor-sharp teeth.
You have supernaturally acute eyesight. (SInv)
You cover ground quickly. (Speed+)
You are covered in thick fur. (AC +2)
Your paws help you pounce on unaware monsters.
You are incapable of wielding weapons or throwing items.
You cannot wear armour.
You gain extra lives every three experience levels.


Message History

A skeletal warrior comes into view. It is wielding a +0 dire flail.
Found 20 bolts and 2 sedimented blue potions.
You see here 20 bolts.
Found a hardcover book and 17 gold pieces.
You now have 354 gold pieces (gained 17).
There are no items here.
You open the door.
There is an open door here.
You close the door.
A skeletal warrior opens the door.
The skeletal warrior hits you with a +0 trident!!
Ouch! That really hurt!
* * * LOW HITPOINT WARNING * * *
Okay, then.
Casting: Fulminant Prism (quite dangerous; 9% risk of failure)
Confirm with . or Enter, or press ? or * to list all spells.
Okay, then.
As you read the scroll labelled VOTIOD GIUKK, it crumbles to dust.
You feel aware of your surroundings.
It was a scroll of magic mapping.
The skeletal warrior hits you from afar with a +0 trident!
You die...
You are now level 7!
You rejoin the land of the living...
You open the door.
There is an open door here.
You now have 363 gold pieces (gained 9).
You now have 370 gold pieces (gained 7).
You now have 385 gold pieces (gained 15).
You now have 399 gold pieces (gained 14).
There is a radiant altar of Vehumet here.
You now have 420 gold pieces (gained 21).
You now have 436 gold pieces (gained 16).
You now have 456 gold pieces (gained 20).
You now have 464 gold pieces (gained 8).
There is a radiant altar of Vehumet here.
There is an open door here.
An ice beast is nearby!
Are you sure you want to abandon this character and quit the game? (Confirm with "yes".)
Okay, then.
Are you sure you want to abandon this character and quit the game? (Confirm with "yes".)

*,,**,,,,*###**#...#####
*,,,,,,,,,..Y....#.*
*,*******,#........*
*,*******,#.#######*
*,,,,,,,,,#.#
****,*****#.# **,#.#####.#
#########
*,**#....#.#######.......#
**,*,**#.@...............#
**,** #....#.#.###'###..#
*******>*
#......#.#.....#...
*,,,,,,,*
#....#.#.#.....#.##
*,*******
#......#.#.._..#.## *,*
##.......#.....#.## *,*
##.####.#.....#.## *,*
##+## #.#######.## *,*
##...###...........


You could see an ice beast (wandering).

Vanquished Creatures
  A troll (D:6)
  Sigmund (D:4)
  Menkaure (D:4)
  An acid dragon (D:5)
  A black bear (D:6)
  A sky beast (D:6)
  An ice beast (D:7)
  An ogre (D:5)
  A centaur (D:7)
  Blork the orc (D:4)
  A bullfrog (D:6)
  A water moccasin zombie (D:5)
  3 scorpions
  3 water moccasin skeletons
  2 bullfrog zombies
  5 hounds
  3 centaur skeletons
  5 orc priests
  2 jellies
  2 iguanas (D:5)
  6 orc wizards
  2 hound skeletons
  A howler monkey zombie (D:6)
  4 gnolls (D:4)
  6 adders
  2 white imps
  2 ufetubi
  An adder skeleton (D:4)
  A worm (D:2)
  2 dart slugs (D:1)
  30 orcs
  4 ball pythons
  8 bats
  6 endoplasms
  8 goblins
  13 hobgoblins
  9 jackals
  5 quokkas
  A frilled lizard (D:3)
  5 kobolds
  7 rats
160 creatures vanquished.

Vanquished Creatures (collateral kills)
  A phantom (D:5)
1 creature vanquished.

Vanquished Creatures (others)
  A killer bee zombie (D:7)
  A shadow imp (D:7)
  3 fulminant prisms
  84 plants
89 creatures vanquished.

Grand Total: 250 creatures vanquished

Notes
Turn   | Place    | Note
-------+----------+-------------------------------------------
     0 | D:1      | mordus the Felid Conjurer began the quest for the Orb.
     0 | D:1      | Reached XP level 1. HP: 7/7 MP: 4/4
   189 | D:1      | Reached XP level 2. HP: 10/11 MP: 0/6
   417 | D:1      | Reached skill level 4 in Conjurations
   509 | D:1      | Learned a level 2 spell: Searing Ray
   907 | D:1      | Reached XP level 3. HP: 14/14 MP: 5/7
  1095 | D:1      | Learned a level 2 spell: Call Imp
  2086 | D:2      | Found a faded altar of an unknown god.
  2328 | D:2      | Reached XP level 4. HP: 18/18 MP: 3/9
  2533 | D:3      | Reached skill level 1 in Summonings
  2815 | D:3      | Found Zyil's Assorted Antiques.
  3179 | D:4      | Noticed Menkaure
  3185 | D:4      | Killed Menkaure
  3186 | D:4      | Reached skill level 5 in Conjurations
  3186 | D:4      | Reached XP level 5. HP: 21/21 MP: 6/10
  3207 | D:4      | Learned a level 4 spell: Iskenderun's Mystic Blast
  3260 | D:4      | Reached skill level 1 in Translocations
  3260 | D:4      | Gained mutation: You are covered in thick fur. (AC +2)
                  | [Felid growth]
  3260 | D:4      | Reached XP level 6. HP: 24/24 MP: 3/12
  3298 | D:4      | Noticed Sigmund
  3497 | D:4      | Noticed Blork the orc
  3525 | D:4      | Killed Blork the orc
  3526 | D:4      | Reached skill level 6 in Conjurations
  3526 | D:4      | Reached XP level 7. HP: 9/27 MP: 6/13
  4011 | D:4      | Killed Sigmund
  4799 | D:4      | Found a staircase to the Ecumenical Temple.
  4805 | Temple   | Entered the Ecumenical Temple
  5016 | D:5      | Entered Level 5 of the Dungeon
  5128 | D:5      | Reached XP level 8. HP: 31/31 MP: 9/15
  5318 | D:5      | Reached skill level 7 in Conjurations
  5697 | D:5      | Reached skill level 5 in Translocations
  6317 | D:5      | Reached skill level 5 in Spellcasting
  6515 | D:5      | Learned a level 4 spell: Fulminant Prism
  6536 | D:5      | Learned a level 3 spell: Call Canine Familiar
  6849 | D:6      | Reached skill level 1 in Hexes
  7014 | D:6      | Reached skill level 8 in Conjurations
  7014 | D:6      | Reached XP level 9. HP: 34/34 MP: 12/17
  7133 | D:6      | Reached skill level 5 in Summonings
  7505 | D:7      | Noticed a two-headed ogre
  7524 | D:7      | Succumbed to a water moccasin's poison
  7525 | D:7      | Reached XP level 8. HP: -1/31 MP: 5/17
  7550 | D:7      | Found a radiant altar of Vehumet.
  7925 | D:6      | Noticed a troll
  7932 | D:6      | Killed a troll
  8051 | D:7      | Noticed a skeletal warrior
  8053 | D:7      | Noticed a skeletal warrior
  8053 | D:7      | Noticed a skeletal warrior
  8054 | D:7      | Noticed a skeletal warrior
  8120 | D:7      | Slain by a skeletal warrior
  8121 | D:7      | Reached XP level 7. HP: -5/27 MP: 16/16
  8218 | D:7      | Quit the game

Illustrated notes

Levels and vault maps discovered:
D:1:      elethiomel_arrival_diamonds, layout_loops_corners
D:2:      layout_loops_corners, shapermc_ecumenical_altar_gd
D:3:      layout_loops_cross, serial_shops, shop, small_statue_intersection
D:4:      layout_loops_corners, minmay_temple_entry_fiery, uniq_menkaure,
          uniq_blork_the_orc, uniq_sigmund
D:5:      wad_woods_pond, layout_cave_pools, minmay_small_thing
D:6:      layout_loops_ring
D:7:      cheibrodos_statue_roulette, layout_loops_corners,
          amcnicky_altar_gilded, lemuel_flame_loot_1
Temple:   regret_index_temple_chain_breaker

Skill      XL: |  1  2  3  4  5  6  7  8  9 |
---------------+----------------------------+-----
Conjurations   | 4 5 6 8 |  8.4
Summonings     | 2 3 4 5 |  5.3
Spellcasting   | 3 4 5 |  5.5
Translocations | 1 2 4 7 |  7.0
Hexes          | 3 |  3.3
Dodging        | |  2.6
Stealth        | |  2.6

Action                   |  1- 3 |  4- 6 |  7- 9 || total
-------------------------+-------+-------+-------++-------
Melee: Unarmed           |    21 |     5 |     5 ||    31
       Bite              |     1 |       |       ||     1
 Cast: Magic Dart        |    88 |    29 |    82 ||   199
       Searing Ray       |     2 |    14 |    65 ||    81
       Call Imp          |       |       |     6 ||     6
       Iskenderun's Myst |       |       |     7 ||     7
       Call Canine Famil |       |       |     5 ||     5
       Fulminant Prism   |       |       |     3 ||     3
  Use: Scroll            |       |       |     1 ||     1
 Stab: Sleeping          |       |     2 |       ||     2
Armor: Skin              |     4 |       |     7 ||    11
Dodge: Dodged            |    17 |    18 |    38 ||    73

Table legend: (Time is in decaauts)
 A = Elapsed time spent in this place.
 B = Non-inter-level travel time spent in this place.
 C = Inter-level travel time spent in this place.
 D = Time resting spent in this place.
 E = Time spent auto-exploring this place.
 F = Levels seen in this place.
 G = Mean time per level.
                   A        B        C        D        E       F      G
               +--------+--------+--------+--------+--------+-----+--------+
         Total |   7241 |   7107 |    134 |   1438 |   4474 |   8 |  905.1 |
       Dungeon |   7096 |   6962 |    134 |   1438 |   4363 |   7 | 1013.7 |
        Temple |    145 |    145 |      0 |      0 |    110 |   1 |  145.0 |
               +--------+--------+--------+--------+--------+-----+--------+

Top non-repeatable levels by time:
     D:5: 1649 daAuts
     D:4: 1535 daAuts
     D:1: 1263 daAuts
     D:2: 869 daAuts
     D:7: 611 daAuts
     D:6: 602 daAuts
     D:3: 565 daAuts
  Temple: 145 daAuts
